 Dungeon Crawl Stone Soup version 0.18.1-6-gd335043 (webtiles) character file.

327 Heskey the Poker (level 6, -8/50 HPs)
             Began as a Merfolk Gladiator on May 15, 2016.
             Was an Initiate of Okawaru.
             Killed by nerve-wracking pain
             ... invoked by an orc priest
              (11 damage)
             ... on level 5 of the Dungeon.
             The game lasted 00:05:04 (3845 turns).

Heskey the Poker (Merfolk Gladiator)                Turns: 3845, Time: 00:05:04

Health: -8/50      AC:  9    Str: 15 (17) XL:     6   Next: 50%
Magic:  6/6        EV: 11    Int:  7      God:    Okawaru [......]
Gold:   104        SH:  7    Dex: 15      Spells: 0 memorised, 5 levels left

rFire  . . .     SeeInvis .     a - +1 trident
rCold  + . .     Gourm    .     i - +0 scale mail
rNeg   . . .     Faith    .     e - +3 buckler {reflect}
rPois  .         Spirit   .     c - +0 helmet
rElec  .         Dismiss  .     (no cloak)
rCorr  .         Reflect  +     l - +0 pair of gloves
SustAt .         Harm     .     (no boots)
MR     .....                    (no amulet)
Stlth  +.........               q - ring of stealth
                                (no ring)

@: not resistant to hostile enchantments, very unstealthy
A: change form in water, swift swim, molten scales 1, cold resistance 1,
MP-powered wands
a: Renounce Religion


You were on level 5 of the Dungeon.
You worshipped Okawaru.
Okawaru was noncommittal.
You were not hungry.

You visited 2 branches of the dungeon, and saw 6 of its levels.

You collected 104 gold pieces.

Inventory:

Hand Weapons
 a - a +1 trident (weapon)
Missiles
 d - 3 throwing nets (quivered)
Armour
 c - a +0 helmet (worn)
 e - a +3 buckler of reflection (worn)
 i - a +0 scale mail (worn)
 l - a +0 pair of gloves (worn)
Jewellery
 b - an uncursed ring of fire {unknown}
 q - a ring of stealth (right hand)
Scrolls
 f - a scroll of remove curse
 g - 2 scrolls of enchant weapon
 j - 3 scrolls of identify
 k - 2 scrolls of recharging
 m - a scroll of noise {unknown}
Potions
 n - a potion of berserk rage {unknown}
 p - a potion of heal wounds {unknown}
Comestibles
 h - a slice of pizza
 o - a chunk of flesh
 t - 2 beef jerkies
 u - 3 meat rations


   Skills:
 * Level 4.9 Fighting
 + Level 5.7 Polearms
 - Level 2.0 Throwing
 + Level 2.3 Armour
 - Level 4.0 Dodging
 + Level 2.0 Shields


You had 5 spell levels left.
You didn't know any spells.

Dungeon Overview and Level Annotations

Branches:
Dungeon (5/15)             Temple (1/1) D:4

Altars:
Ashenzari
Okawaru
Qazlal
Yredelemnul

Shops:
D:4 :

Annotations:
D:3 Grinder


Innate Abilities, Weirdness & Mutations

You revert to your normal form in water.
You are very nimble and swift while swimming.
You are partially covered in molten scales (AC +1).
Your flesh is cold resistant.
You expend magic power (3 MP) to strengthen your wands.


Message History

You see here an orc corpse.
You hit the orc priest.
The orc priest is moderately wounded.
The orc priest hits you but does no damage.
The orc hits you with a club.
* * * LOW HITPOINT WARNING * * *
You puncture the orc priest!
The orc priest is almost dead.
The orc priest hits you.
* * * LOW HITPOINT WARNING * * *
You block the orc's attack.
You closely miss the orc priest.
The orc priest is almost dead.
The orc priest hits you but does no damage.
You block the orc's attack.
You hit the orc priest but do no damage.
The orc priest is almost dead.
The orc priest calls down the wrath of Beogh upon you.
Pain shoots through your body!
You die...

####.# #.##.... .. .#
#.# ###.##.#.##..# .#
#.# # ##.............
.###.#
#.#..#.#..#......
..#..#
#..............
.....######.#.#...#.#
.........>..........#
.#...##.###...##.o###
#....##.# ###.##@.#
#.#.###.#
#.##o......# #.#.#
#.# #.##.####...
#.#.# #.# #.##.# . #.
#.# #.##.# #.# #.##..
#.# #.###. #.# .


You could see an orc priest and an orc.

Vanquished Creatures
  A centaur (D:5)
  A hound (D:5)
  An orc wizard (D:5)
  Jessica (D:3)
  A worker ant (D:4)
  A hound zombie (D:5)
  3 gnolls (D:4)
  4 adders
  3 worms (D:2)
  2 dart slugs
  2 giant geckos
  An orc (D:5)
  3 giant cockroaches
  4 goblins
  7 hobgoblins
  2 jackals (D:1)
  A quokka (D:4)
  A ball python (D:2)
  5 bats (D:2)
  2 giant newts (D:1)
  9 kobolds
  9 rats
64 creatures vanquished.

Notes
Turn   | Place    | Note
--------------------------------------------------------------
     0 | D:1      | Heskey the Merfolk Gladiator began the quest for the Orb.
     0 | D:1      | Reached XP level 1. HP: 16/16 MP: 1/1
   105 | D:1      | Reached XP level 2. HP: 23/23 MP: 2/2
   982 | D:2      | Reached skill level 1 in Armour
   997 | D:2      | Reached XP level 3. HP: 24/28 MP: 3/3
  1625 | D:2      | Reached XP level 4. HP: 35/35 MP: 4/4
  1727 | D:2      | Reached skill level 1 in Shields
  1735 | D:2      | Gained mutation: Your flesh is cold resistant. [potion of mutation]
  1735 | D:2      | Gained mutation: You expend magic power (3 MP) to strengthen your wands. [potion of mutation]
  1735 | D:2      | Gained mutation: You are partially covered in molten scales (AC +1). [potion of mutation]
  1896 | D:3      | Noticed Jessica
  1906 | D:3      | Killed Jessica
  1906 | D:3      | Reached skill level 5 in Polearms
  2275 | D:3      | Noticed Grinder
  2711 | D:4      | Found a shattered altar of Ashenzari.
  2776 | D:4      | Found Kiheluf's Book Shop.
  2869 | D:4      | Reached XP level 5. HP: 35/42 MP: 5/5
  3223 | D:4      | Found a staircase to the Ecumenical Temple.
  3373 | Temple   | Entered the Ecumenical Temple
  3402 | Temple   | Became a worshipper of Warmaster Okawaru
  3625 | D:5      | Entered Level 5 of the Dungeon
  3645 | D:5      | Noticed a centaur
  3663 | D:5      | Killed a centaur
  3663 | D:5      | Reached XP level 6. HP: 24/49 MP: 6/6
  3843 | D:5      | HP: 2/50 [orc priest (2)]
  3845 | D:5      | Killed from afar by an orc priest

Skill      XL: |  1  2  3  4  5  6 |
---------------+-------------------+-----
Armour         | 1 2 |  2.3
Fighting       | 3 4 |  4.9
Shields        | 1 2 |  2.0
Polearms       | 5 |  5.7
Throwing       | |  2.0
Dodging        | |  4.0

Action                   |  1- 3 |  4- 6 || total
-------------------------+-------+-------++-------
Melee: Trident           |   132 |   116 ||   248
  Use: Scroll            |     3 |     4 ||     7
       Potion            |       |     5 ||     5
 Stab: Sleeping          |     2 |       ||     2
  Eat: Chunk             |     2 |     3 ||     5
       Bread ration      |       |     1 ||     1
Armor: Leather armour    |    19 |     1 ||    20
       Scale mail        |       |    30 ||    30
Dodge: Dodged            |    48 |    47 ||    95
Block: Buckler           |    27 |    45 ||    72
       Reflection        |     2 |       ||     2
